AoeStats
← [Massa] Edo

Arena

508570832Analyzed
4v4 RM · 8d ago on Sep 23, 2026· 40m 24s· 8 players
Game mode
Random Map
Map size
Large (8 player)
Population
200
Speed
Normal
Resources
Standard
Victory
Conquest
Starting age
Dark Age
Ending age
Imperial Age
RankedLock teamsTeams togetherTeam positionsShared explorationLock speedFull tech treeHidden civsTurbo modeCheats
Victory
Defeat
🇧🇷 Teutons · Brazil
1433
+9
🇧🇷 Sicilians · Brazil
1429
+9
🇺🇸 Varangians · United States
1292
+13
🇻🇳 Byzantines · Vietnam
1259
+14
1277
-12
🇨🇷 Franks · Costa Rica
1263
-12
🇨🇷 Saxons · Costa Rica
1247
-11
🇨🇴 Varangians · Colombia
1223
-10
Combi | NITRAMDELANIEVE
10:31 Feudal Age
11:39 Loom
14:59 Castle Age
14:18 Fletching
16:29 Bodkin Arrow
26:19 Horse Collar
26:25 Double-Bit Axe
30:18 Imperial Age
28:37 Bow Saw
29:53 Chemistry
[CRM] - Shadow
11:48 Feudal Age
13:26 Double-Bit Axe
16:04 Castle Age
14:45 Forging
15:35 Scale Barding Armor
19:43 Bow Saw
20:39 Chain Barding Armor
24:31 Iron Casting
23:48 Loom
28:20 Wheelbarrow
29:07 Gold Mining
29:07 Stone Mining
30:08 Hand Cart
34:22 Imperial Age
32:48 Husbandry
32:09 Light Cavalry
34:36 Cavalier
36:26 Plate Barding Armor
37:08 Chivalry
36:32 Paladin
39:00 Blast Furnace
BlackBullet6660
10:29 Feudal Age
12:14 Double-Bit Axe
17:17 Castle Age
19:22 Scale Barding Armor
22:08 Chain Barding Armor
23:36 Bloodlines
24:01 Forging
24:35 Wheelbarrow
28:04 Horse Collar
33:47 Imperial Age
32:28 Iron Casting
32:38 Gold Mining
33:00 Husbandry
34:56 Conscription
35:37 Blast Furnace
36:13 Ballistics
36:10 Stone Mining
36:14 Town Watch
36:45 Hand Cart
36:16 Loom
37:23 Fletching
38:09 Plate Barding Armor
37:49 Heavy Plow
38:20 Siege Engineers
[CRM]-Camacho
11:20 Feudal Age
14:58 Castle Age
17:44 Gambesons
20:50 Scale Mail Armor
22:00 Chain Mail Armor
22:10 Forging
22:26 Squires
22:11 Arson
31:17 Imperial Age
28:57 Double-Bit Axe
29:22 Horse Collar
30:00 Gold Mining
30:47 Bow Saw
31:46 Heavy Plow
35:42 Wheelbarrow
36:54 Elite Varangian Guard
38:33 Iron Casting
37:36 Capped Ram
38:54 Plate Mail Armor
[Massa] Edo
10:10 Feudal Age
11:41 Double-Bit Axe
11:54 Horse Collar
14:23 Castle Age
13:18 Gold Mining
21:12 Wheelbarrow
22:10 Loom
22:48 Forging
24:27 Iron Casting
24:36 Bloodlines
25:07 Scale Barding Armor
26:42 Chain Barding Armor
31:41 Imperial Age
29:57 Bow Saw
31:20 Hand Cart
32:24 Ironclad
31:44 Cavalier
33:25 Plate Barding Armor
34:01 Two-Man Saw
33:18 Heavy Plow
33:10 Stone Mining
33:50 Paladin
35:51 Blast Furnace
35:27 Conscription
37:32 Chemistry
38:32 Siege Engineers
38:48 Ballistics
tg
11:59 Feudal Age
12:57 Horse Collar
13:03 Double-Bit Axe
15:57 Castle Age
17:22 Heavy Plow
18:02 Bow Saw
19:53 Loom
25:59 Wheelbarrow
28:26 Hand Cart
30:03 Town Watch
35:52 Imperial Age
33:17 Gold Mining
33:18 Stone Mining
35:20 Gold Shaft Mining
35:20 Stone Shaft Mining
35:26 Scale Mail Armor
36:08 First Crusade
36:37 Chain Mail Armor
35:56 Capped Ram
36:04 Elite Serjeant
37:57 Crop Rotation
38:24 Plate Mail Armor
37:16 Siege Ram
38:32 Conscription
37:38 Pikeman
38:18 Squires
38:30 Forging
40:10 Arson
39:46 Halberdier
41:03 Iron Casting
Vàng Ai Nấy Đào
10:31 Feudal Age
9:21 Loom
11:10 Double-Bit Axe
12:28 Fletching
16:34 Wheelbarrow
16:42 Wheelbarrow
19:39 Castle Age
17:35 Horse Collar
18:47 Stone Mining
20:16 Bodkin Arrow
20:42 Bow Saw
20:33 Heavy Plow
24:53 Gold Mining
28:11 Imperial Age
25:46 Pikeman
30:02 Scale Mail Armor
30:11 Bracer
35:50 Chain Mail Armor
36:34 Squires
37:05 Plate Mail Armor
38:47 Two-Man Saw
37:10 Halberdier
39:06 Forging
40:50 Plate Mail Armor
41:05 Crop Rotation
el_Feist
11:18 Feudal Age
11:57 Double-Bit Axe
14:53 Castle Age
12:47 Horse Collar
16:07 Bow Saw
17:58 Loom
22:25 Scale Barding Armor
23:37 Bloodlines
25:56 Heavy Plow
26:16 Forging
27:45 Wheelbarrow
30:35 Chain Barding Armor
32:59 Imperial Age
30:54 Gold Mining
30:39 Vendel Legacy
32:17 Iron Casting
32:37 Husbandry
33:26 Hand Cart
33:09 Stone Mining
34:17 Plate Barding Armor
33:27 Cavalier
37:30 Blast Furnace
38:00 Conscription
37:42 Scale Mail Armor
37:54 Town Watch
Connection lost

Rejoining the realm…

Still unreachable

The connection could not be restored.

Session expired

The server has moved on; the page needs a fresh start.